 Dungeon Crawl Stone Soup version 0.27.1-1-g398f81649c (webtiles) character file.

Game seed: 15315637751369509817

99 chaosape the Sneak (level 4, 0/38 HPs)
             Began as a Gnoll Wanderer on Sept 17, 2021.
             Slain by an orc priest (9 damage)
             ... on level 4 of the Dungeon.
             The game lasted 00:21:00 (3497 turns).

chaosape the Sneak (Gnoll Wanderer)                 Turns: 3497, Time: 00:21:00

Health: 0/38       AC:  5    Str: 15    XL:     4   Next: 72%
Magic:  3/5        EV: 12    Int: 17    God:
Gold:   175        SH:  0    Dex: 15    Spells: 0/5 levels left

rFire    . . .     SeeInvis .   a - +2 spear
rCold    . . .     Faith    .   (no shield)
rNeg     . . .     Spirit   .   q - +2 robe {Archmagi}
rPois    .         Reflect  .   (no helmet)
rElec    .         Harm     .   i - scarf {shadows}
rCorr    .         Rampage  .   (no gloves)
Will     .....     Archmagi +   n - +0 pair of boots
Stlth    ++++......             (no amulet)
HPRegen  0.12/turn              h - +6 ring of strength
MPRegen  0.09/turn              o - +6 ring of intelligence

@: no status effects
A: fangs 1, strong nose, distributed training
a: no special abilities


You were on level 4 of the Dungeon.
You visited 1 branch of the dungeon, and saw 5 of its levels.

You collected 989 gold pieces.
You spent 814 gold pieces at shops.

Inventory:

Hand Weapons
 a - a +2 spear (weapon)
 b - a +0 quarterstaff
 e - a +0 dagger
 f - a +1 short sword of holy wrath
 g - a +6 longbow of freezing
Missiles
 l - 49 arrows
 p - 10 poisoned darts (quivered)
Armour
 d - a +0 robe
 i - a scarf of shadows (worn)
 n - a +0 pair of boots (worn)
 q - a +2 robe of the Archmagi (worn)
 t - a +0 cloak
Jewellery
 h - a +6 ring of strength (left hand)
 o - a +6 ring of intelligence (right hand)
Scrolls
 j - 2 scrolls of amnesia
 m - a scroll of noise {unknown}
 s - a scroll of fog {unknown}


   Skills:
 + Level 4.7 Fighting
 + Level 1.2 Short Blades
 + Level 1.2 Long Blades
 + Level 1.2 Axes
 + Level 1.2 Maces & Flails
 + Level 2.8 Polearms
 + Level 1.2 Staves
 + Level 1.2 Slings
 + Level 2.8 Bows
 + Level 1.2 Crossbows
 + Level 1.2 Throwing
 + Level 2.8 Armour
 + Level 1.2 Dodging
 + Level 7.8 Stealth
 + Level 2.8 Shields
 + Level 1.2 Unarmed Combat
 + Level 1.2 Spellcasting
 + Level 1.0 Conjurations
 + Level 1.0 Hexes
 + Level 1.0 Summonings
 + Level 1.0 Necromancy
 + Level 1.0 Translocations
 + Level 1.0 Transmutations
 + Level 1.0 Fire Magic
 + Level 1.0 Ice Magic
 + Level 1.0 Air Magic
 + Level 1.0 Earth Magic
 + Level 1.0 Poison Magic
 + Level 1.3 Invocations
 + Level 1.2 Evocations


You couldn't memorise any spells.
You knew the following spells:

 Your Spells              Type           Power      Damage    Failure   Level
a - Magic Dart            Conj           24%        1d4       14%         1
b - Searing Ray           Conj           12%        3d3       21%         2
c - Animate Skeleton      Necr           12%        N/A       14%         1
d - Corona                Hex            6%         N/A       14%         1

Your spell library contained the following spells:

 Spells                   Type           Power      Damage    Failure   Level
 Apportation              Tloc           12%        N/A       14%         1
 Summon Small Mammal      Summ           24%        N/A       14%         1
 Fulminant Prism          Conj/Hex       3%         3d6       80%         4


Dungeon Overview and Level Annotations

Branches:
Dungeon (5/15)
 Temple: D:4-7

Altars:
Elyvilon
Fedhas
Yredelemnul

Shops:
D:2 *:(:*

Annotations:
D:3 3 runed translucent doors, om's ghost, amateur KoEn


Innate Abilities, Weirdness & Mutations

You have very sharp teeth.
Your uncanny sense of smell can sniff out nearby items.
Your experience applies equally to all skills.


Message History

The orc priest invokes the aid of Beogh against you.
Beogh smites you!
* * * LOW HITPOINT WARNING * * *
You feel better. The orc misses you.
Casting: Searing Ray (safe; 21% risk of failure)
Confirm with . or Enter, or press ? or * to list all spells.
Aiming: Searing Ray (safe; 21% risk of failure)
Press: ? - help, Shift-Dir - straight line, f - orc priest
Aim: an orc priest, wielding a +0 war axe and wearing a +0 leather armour (lightly wounded, 74% to hit)
You feel a surge of power!
You miscast Searing Ray.
You are very lightly contaminated with residual magic.
Nothing appears to happen.
The orc hits you but does no damage.
You hear a sizzling splash.
The orc priest casts a cantrip, but nothing happens.
Casting: Searing Ray (safe; 21% risk of failure)
Confirm with . or Enter, or press ? or * to list all spells.
You don't have enough magic to cast this spell.
You aren't carrying any potions.
Okay, then.
The orc hits you but does no damage.
The orc priest calls down the wrath of Beogh upon you.
Pain shoots through your body!
Your magical contamination has completely faded away.
There is a stone staircase leading down here.
The orc barely misses you.
The orc priest calls upon Beogh to heal the orc.
The orc's wounds heal themselves!
You climb downwards.
Found a scroll labelled NUUFFO XOTUTIA, 25 gold pieces and a brown potion.
There is a stone staircase leading up here.
The orc priest looks satisfied for a moment.
The orc hits you with a +0 dagger.
You climb upwards.
The orc hits you with a +0 club.
The orc wizard hits you with a +0 dagger.
* * * LOW HITPOINT WARNING * * *
There is a stone staircase leading down, spattered with blood here.
The orc priest barely misses you. The orc hits you with a +0 dagger.
* * * LOW HITPOINT WARNING * * *
The orc priest hits you with a +0 war axe!
You die...

########## ########
.........# #......#
.........# #......#
......oo.# #......#
......oo.# #......#
........@#+####......#
#####................#
#................#
#................#
#.........[......#
#....<...........#
#................#
#######'#........#
...#........#


You could see an orc priest, an orc wizard and 2 orcs.

Vanquished Creatures
  A centaur zombie (D:3)
  2 adders (D:2)
  2 dart slugs
  A worm (D:2)
  An orc (D:3)
  5 bats
  5 endoplasms
  3 goblins
  4 hobgoblins
  3 jackals (D:1)
  2 quokkas
  3 ball pythons
  2 kobolds
  A quokka zombie (D:3)
  2 rats
37 creatures vanquished.

Vanquished Creatures (others)
  An iguana (D:4)
  An adder (D:4)
  An orc (D:4)
  2 hobgoblins (D:4)
  A ball python (D:4)
6 creatures vanquished.

Grand Total: 43 creatures vanquished

Notes
Turn   | Place    | Note
-------+----------+-------------------------------------------
     0 | D:1      | chaosape the Gnoll Wanderer began the quest for the Orb.
     0 | D:1      | chaosape set off with the following items: a +2 spear, a +0
                  | quarterstaff, a potion of curing, a +0 robe, a +0 dagger
     0 | D:1      | Reached XP level 1. HP: 20/20 MP: 1/1
   371 | D:1      | Reached XP level 2. HP: 26/26 MP: 2/2
  1249 | D:2      | Found Ycunasm's Book Shop.
  1249 | D:2      | Found Amuhebb's Assorted Antiques.
  1277 | D:2      | Reached XP level 3. HP: 31/31 MP: 3/3
  1306 | D:2      | Found Epnutete's Antique Weapon Shop.
  1335 | D:2      | Found Jolomela's Assorted Antiques.
  1364 | D:2      | Found a faded altar of an unknown god.
  1388 | D:2      | Found Biriopa's Book Shop.
  1513 | D:2      | Reached skill level 1 in Invocations
  1668 | D:2      | Found a white marble altar of Elyvilon.
  1726 | D:2      | Reached skill level 1 in Short Blades
  1726 | D:2      | Reached skill level 1 in Long Blades
  1726 | D:2      | Reached skill level 1 in Axes
  1726 | D:2      | Reached skill level 1 in Maces & Flails
  1726 | D:2      | Reached skill level 1 in Staves
  1726 | D:2      | Reached skill level 1 in Slings
  1726 | D:2      | Reached skill level 1 in Crossbows
  1726 | D:2      | Reached skill level 1 in Throwing
  1726 | D:2      | Reached skill level 1 in Dodging
  1726 | D:2      | Reached skill level 1 in Unarmed Combat
  1726 | D:2      | Reached skill level 1 in Spellcasting
  1726 | D:2      | Reached skill level 1 in Evocations
  2252 | D:3      | Reached XP level 4. HP: 34/38 MP: 5/5
  2359 | D:3      | Found a blossoming altar of Fedhas.
  2551 | D:3      | Found a runed translucent gate.
  2551 | D:3      | Found a runed translucent gate.
  2551 | D:3      | Found a runed translucent gate.
  2551 | D:3      | Noticed om's ghost (amateur KoEn)
  2553 | D:3      | Found a basalt altar of Yredelemnul.
  2569 | D:3      | Reached skill level 1 in Conjurations
  2569 | D:3      | Reached skill level 1 in Hexes
  2569 | D:3      | Reached skill level 1 in Summonings
  2569 | D:3      | Reached skill level 1 in Necromancy
  2569 | D:3      | Reached skill level 1 in Translocations
  2569 | D:3      | Reached skill level 1 in Transmutations
  2569 | D:3      | Reached skill level 1 in Fire Magic
  2569 | D:3      | Reached skill level 1 in Ice Magic
  2569 | D:3      | Reached skill level 1 in Air Magic
  2569 | D:3      | Reached skill level 1 in Earth Magic
  2569 | D:3      | Reached skill level 1 in Poison Magic
  3156 | D:2      | Identified a scroll of acquirement
  3156 | D:2      | Acquired 763 gold pieces
  3212 | D:2      | Bought a book of Conjurations for 240 gold pieces
  3214 | D:2      | Learned a level 1 spell: Magic Dart
  3218 | D:2      | Learned a level 2 spell: Searing Ray
  3245 | D:2      | Bought a book of Cantrips for 192 gold pieces
  3249 | D:2      | Learned a level 1 spell: Animate Skeleton
  3251 | D:2      | Learned a level 1 spell: Corona
  3321 | D:2      | Bought a glowing longbow for 157 gold pieces
  3363 | D:2      | Bought a runed scarf for 120 gold pieces
  3363 | D:2      | Bought 2 scrolls of amnesia for 105 gold pieces
  3492 | D:5      | Entered Level 5 of the Dungeon
  3497 | D:4      | Slain by an orc priest

Illustrated notes

Levels and vault maps discovered:
D:1:      minmay_arrival_wavy_path, layout_loops_cross, kennysheep_boxes
D:2:      layout_rooms, hellmonk_ecumenical_altar_arch_garden, basic_altar,
          serial_shops, shop_statue, nicolae_square_shop, shop, shop_fountains,
          shop
D:3:      layout_basic, nicolae_yredelemnul_ghost_church,
          nicolae_overflow_hidden_temple, ebering_dispersal_statue_hall,
          amethyst_killhole
D:4:      layout_gridville, xom_confusion_cloud, minmay_temple_entry_mist,
          uniq_natasha
D:5:      layout_loops_cross, uniq_prince_ribbit1

Skill      XL: |  1  2  3  4 |
---------------+-------------+-----
Invocations    | 1 |  1.3
Short Blades   | 1 |  1.2
Long Blades    | 1 |  1.2
Axes           | 1 |  1.2
Maces & Flails | 1 |  1.2
Staves         | 1 |  1.2
Slings         | 1 |  1.2
Crossbows      | 1 |  1.2
Throwing       | 1 |  1.2
Dodging        | 1 |  1.2
Unarmed Combat | 1 |  1.2
Spellcasting   | 1 |  1.2
Evocations     | 1 |  1.2
Conjurations   | 1 |  1.0
Hexes          | 1 |  1.0
Summonings     | 1 |  1.0
Necromancy     | 1 |  1.0
Translocations | 1 |  1.0
Transmutations | 1 |  1.0
Fire Magic     | 1 |  1.0
Ice Magic      | 1 |  1.0
Air Magic      | 1 |  1.0
Earth Magic    | 1 |  1.0
Poison Magic   | 1 |  1.0
Fighting       | |  4.7
Polearms       | |  2.8
Bows           | |  2.8
Armour         | |  2.8
Stealth        | |  7.8
Shields        | |  2.8

Action                   |  1- 3 |  4- 6 || total
-------------------------+-------+-------++-------
Melee: Spear             |    85 |    27 ||   112
       Bite              |     5 |     4 ||     9
       Punch             |       |     1 ||     1
 Cast: Searing Ray       |       |     1 ||     1
  Use: Scroll            |     2 |     5 ||     7
       Potion            |       |     1 ||     1
 Stab: Sleeping          |    17 |     3 ||    20
Armor: Robe              |     8 |    14 ||    22
Dodge: Dodged            |    21 |    15 ||    36
